Map: Orbital Shipyard

Players

LiquidMaNa (MaNa) - Winner!

  • Race: Protoss Protoss
  • League: Grandmaster

MiNiMaTh

  • Race: Zerg Zerg
  • League: Grandmaster

VOD

Have the link to the VOD?

Description

Time

  • Played on: Dec. 30, 2015, 2:57 p.m.
  • Length: 16:49
Show
View Real Time Build Order
Export as new Build Order

LiquidMaNa Protoss - Winner!

Build Orders: Nexus First 

Get SALT Encoding   

  12  0:00  Probe (Chrono Boost)  
  13  0:11  Probe (Chrono Boost)  
  14  0:19  Pylon  
  14  0:22  Probe (Chrono Boost)  
  15  0:37  Probe (Chrono Boost)  
  16  0:48  Probe (Chrono Boost)  
  17  0:57  Nexus  
  17  1:07  Gateway  
  17  1:10  Probe (Chrono Boost)  
  18  1:16  Assimilator  
  18  1:21  Probe (Chrono Boost)  
  19  1:29  Assimilator  
  19  1:31  Probe (Chrono Boost)  
  20  1:40  Gateway  
  20  1:42  Probe (Chrono Boost)  
  21  1:52  Probe (Chrono Boost)  
  22  1:54  Cybernetics Core  
  22  2:03  Probe (Chrono Boost)  
  22  2:07  Pylon  
  23  2:10  Probe (Chrono Boost)  
  23  2:13  Probe (Chrono Boost)  
  25  2:20  Probe (Chrono Boost)  
  26  2:24  Probe (Chrono Boost)  
  27  2:31  Adept (Chrono Boost)  
  27  2:33  Adept (Chrono Boost)  
  27  2:35  Warp Gate (Chrono Boost)  
  31  2:39  Probe  
  31  2:41  Probe  
  33  2:51  Probe  
  33  2:53  Probe  
  33  2:55  Sentry (Chrono Boost)  
  33  2:57  Sentry (Chrono Boost)  
  39  3:03  Mothership Core (Chrono Boost)  
  42  3:05  Probe (Chrono Boost)  
  42  3:17  Probe (Chrono Boost)  
  43  3:23  Probe (Chrono Boost)  
  43  3:25  Pylon  
  44  3:28  Probe (Chrono Boost)  
  44  3:32  Nexus  
  44  3:33  Probe (Chrono Boost), Pylon  
  46  3:41  Probe  
  46  3:43  Adept  
  46  3:44  Adept  
  51  3:48  Pylon  
  51  3:52  Probe x2  
  53  4:02  Assimilator  
  53  4:03  Assimilator  
  52  4:10  Probe  
  52  4:12  Probe, Pylon  
  58  4:21  Probe (Chrono Boost)  
  58  4:24  Probe (Chrono Boost)  
  56  4:31  Stargate  
  56  4:32  Stargate  
  56  4:33  Probe (Chrono Boost), Adept x2  
  56  4:35  Probe (Chrono Boost)  
  62  4:44  Probe (Chrono Boost)  
  64  4:45  Probe (Chrono Boost)  
  64  4:46  Probe (Chrono Boost)  
  65  4:54  Probe (Chrono Boost), Adept  
  65  4:55  Adept  
  65  4:56  Probe (Chrono Boost)  
  65  4:58  Probe (Chrono Boost)  
  72  5:05  Probe (Chrono Boost)  
  72  5:07  Probe (Chrono Boost)  
  74  5:09  Probe (Chrono Boost)  
  74  5:11  Pylon  
  75  5:15  Probe (Chrono Boost), Adept x2  
  75  5:16  Phoenix  
  75  5:17  Phoenix  
  80  5:27  Probe (Chrono Boost)  
  78  5:28  Probe x2 (Chrono Boost)  
  75  5:37  Probe (Chrono Boost)  
  75  5:39  Probe (Chrono Boost)  
  75  5:41  Phoenix (Chrono Boost)  
  75  5:42  Phoenix (Chrono Boost)  
  81  5:48  Probe (Chrono Boost)  
  81  5:49  Probe (Chrono Boost)  
  80  5:58  Probe (Chrono Boost)  
  80  5:59  Probe (Chrono Boost)  
  80  6:04  Probe (Chrono Boost)  
  74  6:09  Assimilator  
  74  6:10  Probe (Chrono Boost)  
  74  6:11  Probe (Chrono Boost), Assimilator  
  71  6:14  Gateway  
  71  6:15  Gateway  
  71  6:16  Probe (Chrono Boost)  
  71  6:17  Gateway  
  72  6:21  Probe (Chrono Boost)  
  72  6:22  Probe (Chrono Boost)  
  72  6:23  Twilight Council  
  74  6:26  Probe (Chrono Boost)  
  74  6:27  Pylon  
  74  6:28  Phoenix (Chrono Boost)  
  74  6:32  Probe x2 (Chrono Boost)  
  79  6:35  Probe (Chrono Boost)  
  79  6:36  Phoenix (Chrono Boost)  
  82  6:43  Probe  
  82  6:44  Probe  
  82  6:45  Pylon  
  82  6:46  Probe  
  84  6:51  Forge  
  84  6:52  Resonating Glaives (Chrono Boost), Forge  
  85  6:55  Probe, Phoenix (Chrono Boost)  
  85  6:56  Probe x2  
  85  6:57  Phoenix (Chrono Boost)  
  92  7:06  Pylon  
  92  7:07  Probe x2  
  92  7:08  Probe  
  95  7:17  Probe  
  95  7:20  Probe x2  
  98  7:25  Protoss Ground Weapons Level 1 (Chrono Boost), Protoss Ground Armor Level 1 (Chrono Boost)  
  98  7:27  Robotics Facility  
  98  7:28  Probe  
  98  7:29  Gateway  
  99  7:31  Gateway  
  99  7:33  Gateway  
  99  7:36  Pylon  
  99  7:39  Probe x2  
  99  7:40  Probe  
  99  7:43  Adept  
  99  7:44  Adept, Zealot x3  
  112  7:51  Pylon, Photon Cannon  
  111  8:11  Adept x3  
  111  8:15  Zealot  
  111  8:16  Zealot  
  115  8:26  Adept x2  
  103  8:36  Phoenix  
  103  8:37  Phoenix, Charge  
  103  8:39  Adept  
  103  8:40  Adept x3  
  99  8:45  Probe x3  
  98  8:50  Pylon  
  98  8:54  Pylon  
  96  8:56  Immortal  
  96  8:57  Mothership Core  
  96  9:00  Sentry  
  96  9:01  Sentry x2, Protoss Ground Weapons Level 2 (Chrono Boost)  
  96  9:02  Adept  
  110  9:05  Phoenix x2  
  110  9:08  Pylon  
  114  9:13  Protoss Ground Armor Level 2 (Chrono Boost), Pylon  
  114  9:16  Adept  
  114  9:25  Adept x3  
  108  9:32  Adept x3  
  102  9:39  Adept  
  102  9:42  Adept  
  102  9:45  Immortal (Chrono Boost)  
  102  9:51  Adept x3  
  102  9:53  Adept x2  
  102  9:54  Adept  
  102  9:56  Mothership Core  
  102  9:59  Phoenix x2  
  112  10:01  Zealot  
  112  10:04  Zealot  
  116  10:15  Zealot x4  
  116  10:16  Zealot x2  
  116  10:20  Immortal (Chrono Boost)  
  132  10:24  Pylon  
  132  10:29  Sentry x2  
  136  10:38  Adept, Zealot x4  
  136  10:39  Zealot  
  136  10:41  Nexus  
  148  10:44  Templar Archives  
  148  10:48  Pylon x2  
  148  10:50  Pylon  
  148  10:54  Immortal (Chrono Boost)  
  146  11:18  Zealot x7  
  146  11:28  Observer (Chrono Boost)  
  146  11:32  Probe x2  
  137  11:40  High Templar x2  
  137  11:41  High Templar x3  
  137  11:42  Zealot, High Templar  
  137  11:46  Archon x3  
  151  11:47  Pylon  
  151  11:48  Observer (Chrono Boost)  
  152  11:56  Protoss Ground Armor Level 3 (Chrono Boost)  
  150  12:03  Protoss Ground Weapons Level 3 (Chrono Boost)  
  150  12:07  Gateway  
  148  12:09  Gateway  
  148  12:11  Gateway  
  148  12:13  Zealot x7  
  148  12:14  Zealot  
  164  12:17  Mothership Core  
  162  12:30  Probe  
  162  12:36  High Templar x2  
  165  12:42  Assimilator x2  
  165  12:43  Photon Cannon  
  165  12:44  Warp Prism (Chrono Boost), Blink  
  165  12:46  Photon Cannon  
  167  12:53  High Templar x2  
  171  13:16  Zealot x6  
  171  13:17  Zealot x2  
  185  13:29  High Templar  
  185  13:33  Pylon  
  187  13:37  Psionic Storm  
  185  13:52  High Templar x3  
  185  13:53  High Templar  
  181  14:12  Nexus  
  181  14:14  Pylon  
  175  14:17  Zealot x4  
  175  14:18  Zealot x2  
  179  14:33  Zealot x4  
  183  14:39  Sentry x3  
  171  14:46  Zealot x2  
  171  14:47  Zealot  
  171  14:51  Immortal  
  171  14:52  Pylon  
  181  14:54  Pylon  
  179  15:05  Zealot x7  
  181  15:30  Observer  
  166  15:36  Archon  
  152  15:45  High Templar x3  
  152  15:46  High Templar  
  152  15:47  Zealot x3  
  152  15:48  Zealot x3  
  166  15:51  Robotics Facility  
  166  15:52  Immortal (Chrono Boost), Archon  
  166  15:53  Archon  
  168  15:58  Phoenix x2  
  172  16:04  Assimilator  
  172  16:05  Photon Cannon, Assimilator  
  172  16:06  Photon Cannon  
  172  16:07  Photon Cannon  
  172  16:14  High Templar x2  
  172  16:15  High Templar x2  
  172  16:16  High Templar x2  
  184  16:18  Archon  
  184  16:19  Archon  
  184  16:21  Archon  
  184  16:22  Zealot x4  
Show
View Real Time Build Order
Export as new Build Order

MiNiMaTh Zerg 

Build Orders: 3 Hatch before Pool, Lurkers 

Get SALT Encoding   

  12  0:01  Drone  
  13  0:12  Overlord  
  13  0:17  Drone  
  14  0:30  Drone  
  14  0:32  Drone  
  14  0:35  Drone  
  17  0:54  Hatchery, Drone  
  17  0:58  Drone  
  18  1:17  Hatchery  
  17  1:19  Drone  
  17  1:24  Drone  
  19  1:29  Extractor  
  18  1:37  Spawning Pool  
  17  1:41  Drone  
  17  1:43  Drone  
  19  1:53  Drone  
  20  2:01  Drone  
  20  2:08  Drone  
  22  2:11  Drone  
  23  2:17  Drone  
  24  2:23  Queen x2  
  24  2:25  Overlord  
  28  2:32  Metabolic Boost  
  28  2:35  Drone  
  28  2:36  Drone  
  30  2:42  Zergling x6  
  33  2:47  Zergling x2  
  33  2:49  Zergling x2  
  35  2:52  Overlord  
  35  2:54  Drone  
  36  3:01  Overlord  
  36  3:04  Queen  
  38  3:06  Drone  
  38  3:08  Drone  
  38  3:12  Drone  
  41  3:15  Drone x2  
  43  3:28  Drone x3  
  43  3:33  Drone x2  
  43  3:34  Drone x3  
  50  3:35  Drone x2  
  50  3:39  Drone  
  50  3:40  Evolution Chamber, Drone  
  54  3:52  Queen  
  54  3:53  Queen  
  58  3:58  Overlord x2  
  58  4:01  Spore Crawler  
  58  4:02  Spore Crawler  
  56  4:03  Spore Crawler  
  56  4:04  Drone  
  56  4:05  Drone  
  57  4:13  Zergling x6  
  58  4:18  Zergling x2  
  58  4:22  Drone x4  
  58  4:23  Drone x4  
  58  4:24  Drone  
  68  4:25  Extractor  
  68  4:26  Drone  
  68  4:28  Extractor  
  67  4:32  Drone  
  67  4:33  Drone x2  
  70  4:41  Drone x2  
  70  4:42  Lair  
  70  4:45  Drone  
  73  4:46  Roach Warren  
  73  4:51  Overlord  
  73  4:52  Overlord x2  
  72  4:55  Drone  
  72  4:56  Drone  
  74  5:06  Extractor  
  74  5:07  Drone x2, Extractor  
  74  5:14  Drone  
  74  5:15  Drone x2  
  74  5:19  Drone x6  
  82  5:22  Drone  
  82  5:25  Spore Crawler, Drone x2  
  83  5:28  Extractor  
  83  5:32  Drone x2  
  83  5:33  Drone x3  
  83  5:34  Zergling x2  
  86  5:39  Zergling x2  
  86  5:40  Zergling x6  
  85  5:47  Zergling x4  
  84  5:54  Roach x2  
  84  5:55  Roach x3  
  85  6:13  Hydralisk Den  
  85  6:16  Drone x3  
  85  6:17  Drone x2  
  85  6:18  Drone  
  90  6:23  Queen  
  90  6:24  Ravager  
  93  6:34  Overlord  
  93  6:35  Overlord x2, Glial Reconstitution  
  93  6:36  Overlord  
  93  6:38  Zerg Missile Weapons Level 1  
  93  6:45  Spore Crawler  
  92  6:52  Overlord x2, Muscular Augments  
  92  6:53  Overlord  
  92  6:55  Overlord x3  
  92  6:59  Hatchery, Drone x3, Hydralisk x2  
  92  7:00  Hydralisk x3  
  104  7:10  Hydralisk x3  
  104  7:11  Hydralisk x2  
  112  7:20  Hydralisk  
  112  7:21  Hydralisk x4  
  121  7:26  Drone x2  
  123  7:35  Drone x2  
  123  7:36  Hydralisk x4  
  123  7:37  Hydralisk  
  127  7:40  Hatchery  
  129  8:11  Hydralisk x14  
  125  8:35  Hydralisk x3  
  125  8:36  Hydralisk x5  
  131  8:44  Hydralisk x3  
  129  8:52  Drone  
  124  9:00  Roach x5  
  124  9:01  Roach x5  
  124  9:02  Roach, Zergling x4  
  146  9:03  Zergling x2  
  146  9:04  Drone  
  146  9:05  Drone  
  146  9:07  Drone  
  146  9:08  Drone  
  146  9:09  Drone  
  152  9:15  Drone x2  
  152  9:16  Lurker Den  
  134  9:36  Hydralisk x7  
  134  9:37  Hydralisk  
  136  9:41  Roach x3  
  136  9:42  Roach  
  131  9:58  Extractor  
  130  10:00  Extractor  
  130  10:02  Drone x4  
  130  10:03  Drone  
  130  10:05  Hydralisk x6  
  130  10:06  Hydralisk  
  148  10:10  Hatchery  
  143  10:15  Drone  
  143  10:20  Drone, Spore Crawler  
  144  10:21  Drone  
  144  10:22  Spore Crawler  
  144  10:23  Hydralisk x6  
  144  10:27  Overseer  
  156  10:36  Roach x2  
  156  10:37  Roach x3  
  166  10:44  Overlord x5  
  166  10:52  Zerg Missile Weapons Level 2  
  166  10:53  Overlord x2  
  166  10:54  Pneumatized Carapace  
  154  11:17  Lurker x4, Hydralisk  
  154  11:18  Hydralisk x6  
  148  11:30  Hydralisk x5  
  148  11:31  Hydralisk x7  
  134  11:35  Overseer  
  134  11:38  Drone  
  127  11:40  Roach x4  
  127  11:43  Roach x2  
  127  11:44  Roach  
  139  11:47  Roach  
  139  11:48  Roach  
  139  11:50  Lurker  
  135  12:10  Lurker x3  
  138  12:21  Roach x3, Zergling x8  
  138  12:22  Roach x5, Zergling x10  
  159  12:24  Hatchery  
  151  12:33  Hydralisk x5  
  159  13:02  Lurker  
  160  13:07  Lurker x3  
  160  13:11  Hatchery  
  150  13:34  Hydralisk x4  
  150  13:35  Spine Crawler x2, Hydralisk x10  
  174  13:48  Infestation Pit  
  172  14:00  Roach x5  
  172  14:01  Roach x8  
  178  14:34  Ravager, Overseer  
  133  14:58  Drone x3  
  133  14:59  Drone x3  
  138  15:13  Hive  
  138  15:14  Drone x3  
  138  15:15  Drone x3  
  138  15:20  Ravager x4  
  138  15:21  Ravager x2  
  109  15:41  Roach  
  109  15:42  Roach x11  
  104  15:43  Roach x2  
  104  15:46  Hydralisk x4  
  104  15:49  Hydralisk  
  109  15:57  Roach  
  109  15:58  Roach x2  
  109  16:02  Overseer  
  115  16:09  Roach  
Tags
 
Add a new tag
Caveats
  • Supply blocks, unpowered buildings, or Contaminate may cause inaccurate times.
  • Supply counts are checked every 10 seconds.